 Dungeon Crawl Stone Soup version 0.31.0 (webtiles) character file.

Game seed: 11179046396127551714

410 qw the Shooter (level 6, -3/38 HPs)
             Began as a Gargoyle Hunter on Jan 19, 2024.
             Was an Initiate of Okawaru.
             Slain by a yak (11 damage)
             ... on level 5 of the Dungeon.
             The game lasted 00:00:20 (3822 turns).

qw the Shooter (Gargoyle Hunter)                    Turns: 3822, Time: 00:00:20

Health: -3/38      AC: 15    Str: 14    XL:     6   Next: 89%
Magic:  6/6        EV: 11    Int: 10    God:    Okawaru [......]
Gold:   272        SH:  5    Dex: 15    Spells: 5/5 levels left

rFire   . . .        a - +0 shortbow
rCold   . . .        (shield currently unavailable)
rNeg    + . .        o - +0 ring mail
rPois   inf          g - +0 helmet
rElec   +            f - scarf {repulsion}
rCorr   .            m - +0 pair of gloves
SInv    .            b - +2 pair of boots {Fly}
Will    .....        i - amulet of reflection
Stlth   +            (no ring)
HPRegen 0.26/turn    (no ring)
MPRegen 0.10/turn

%: repel missiles, reflection
@: about to teleport, flying
A: sickness immunity, AC +4, negative energy resistance 1, electricity
resistance, torment resistance 1, petrification resistance
a: Renounce Religion


You were on level 5 of the Dungeon.
You worshipped Okawaru.
Okawaru was noncommittal.
You visited 2 branches of the dungeon, and saw 6 of its levels.

You collected 365 gold pieces.
You spent 93 gold pieces at shops.


Innate Abilities, Weirdness & Mutations

You are immune to sickness and miasma.
Your stone body is resilient. (AC +4)
You are immune to poison.
You resist negative energy. (rN+)
You are resistant to electric shocks. (rElec)
You are resistant to unholy torment.
You are immune to petrification.


   Skills:
 - Level 4.1 Fighting
 + Level 6.9 Ranged Weapons
 - Level 2.2 Armour
 - Level 1.5 Dodging
 - Level 1.1 Stealth


You had 5 spell levels left.
You didn't know any spells.
Your spell library was empty.

Inventory:

Hand Weapons
 a - a +0 shortbow (weapon)
Armour
 b - a +2 pair of boots of flying (worn)
 f - a scarf of repulsion (worn)
 g - a +0 helmet (worn)
 m - a +0 pair of gloves (worn)
 o - a +0 ring mail (worn)
Jewellery
 i - an amulet of reflection (around neck)
Wands
 d - a wand of charming (6)
 k - a wand of polymorph (5)
Scrolls
 c - a scroll of enchant armour {unknown}
 h - 2 scrolls of teleportation
Potions
 e - a potion of enlightenment
 j - a potion of curing
 n - a potion of resistance

Dungeon Overview and Level Annotations

Branches:
Dungeon (5/15)             Temple (1/1) D:4

Altars:
Ashenzari
Cheibriados
Dithmenos
Elyvilon
Fedhas
Hepliaklqana
Kikubaaqudgha
Makhleb
Nemelex Xobeh
Okawaru
Ru
Trog
Uskayaw
Vehumet
Wu Jian
Zin
The Shining One

Shops:
D:1 ?   D:2 [[


Message History

The yak gores you but does no damage. The iguana closely misses you.
You shoot an arrow. The arrow hits the iguana.
The iguana is lightly wounded.
The yak closely misses you.
The iguana bites you but does no damage.
You shoot an arrow. The arrow hits the iguana.
The iguana is heavily wounded.
You block the yak's attack. The iguana bites you!
You shoot an arrow.
The arrow hits the iguana but does no damage.
The iguana is heavily wounded.
The yak barely misses you. The iguana bites you.
You shoot an arrow. The arrow hits the iguana!
You kill the iguana!
Okawaru accepts your kill. The yak gores you.
You shoot an arrow. The arrow barely misses the yak.
The yak gores you but does no damage. The yak misses you.
You shoot an arrow. The arrow hits the yak.
The yak is lightly wounded.
The yak gores you but does no damage.
You shoot an arrow.
The arrow hits the yak but does no damage.
The yak is lightly wounded.
The yak barely misses you.
You shoot an arrow. The arrow hits the yak!
The yak is moderately wounded.
The yak closely misses you.
You shoot an arrow.
The arrow hits the yak but does no damage.
The yak is moderately wounded.
The yak gores you but does no damage. The yak gores you.
3821 ||| READING 3 scrolls of teleportation.
As you read the scroll of teleportation, it crumbles to dust.
You feel strangely unstable. The yak completely misses you.
You shoot an arrow. The arrow hits the yak.
The yak is moderately wounded.
The yak gores you!
You die...

#... #.# #..'......
##... #.# #.##......
#8...
###'###.##......
#...##..<....##...#8#
#............##...###
#............'....#
###...#####...##.##
#..## ##..##.# #.@#
#..##.. #Y%# #.####..
#... #.# ... #.#..
#.# ##8# #. ..# #. ##
## #.. .## ..


You could see a yak.

Vanquished Creatures
  A scorpion (D:2)
  2 bombardier beetles (D:4)
  A jelly (D:4)
  A hound (D:5)
  Ijyb (D:3)
  A sleepcap (D:4)
  Natasha (D:3)
  2 iguanas (D:5)
  4 adders
  A dart slug (D:1)
  A ribbon worm (D:3)
  An orc (D:4)
  2 endoplasms
  2 giant cockroaches
  6 goblins
  3 hobgoblins
  12 jackals
  4 kobolds
  3 quokkas
  5 ball pythons
  5 bats
  A frilled lizard (D:1)
  10 rats
  A butterfly (D:4)
71 creatures vanquished.

Notes
Turn   | Place    | Note
-------+----------+-------------------------------------------
     0 | D:1      | qw the Gargoyle Hunter began the quest for the Orb.
     0 | D:1      | Reached XP level 1. HP: 12/12 MP: 1/1
     0 | D:1      | 0 ||| qw: Version: 0.3-a-132-g3d54051
     0 | D:1      | 0 ||| qw: Game counter: 385
     0 | D:1      | 0 ||| qw: Melee chars always use a shield: true
     0 | D:1      | 0 ||| qw: God list: Okawaru
     0 | D:1      | 0 ||| qw: Allow faded altars: false
     0 | D:1      | 0 ||| qw: Do Orc after clearing Dungeon:15 true
     0 | D:1      | 0 ||| qw: Do second Lair branch before Depths: true
     0 | D:1      | 0 ||| qw: Lair rune preference: random
     0 | D:1      | 0 ||| qw: Goals: Normal
     0 | D:1      | 0 ||| PLANNING D:1-11
    67 | D:1      | Reached XP level 2. HP: 17/17 MP: 2/2
   298 | D:1      | Reached XP level 3. HP: 21/21 MP: 3/3
   370 | D:1      | Reached skill level 5 in Ranged Weapons
   377 | D:1      | Found Nanat's Magic Scroll Emporium.
   382 | D:1      | 382 ||| SHOPLISTING scroll of acquirement (624 gold, have
                  | 58).
   382 | D:1      | 382 ||| BUYING scroll of identify (24 gold).
   382 | D:1      | Bought a scroll of identify for 24 gold pieces
   382 | D:1      | 382 ||| BUYING scroll of identify (24 gold).
   382 | D:1      | Bought a scroll of identify for 24 gold pieces
   534 | D:1      | Found a faded altar of an unknown god.
   707 | D:1      | 707 ||| UPGRADING to scarf of repulsion.
   712 | D:1      | 712 ||| READING 4 scrolls of identify.
   712 | D:1      | 712 ||| IDENTIFYING fuming red potion
   713 | D:1      | 713 ||| READING 3 scrolls of identify.
   713 | D:1      | 713 ||| IDENTIFYING scroll labelled BAUMIWACIC
   714 | D:1      | 714 ||| READING 2 scrolls of identify.
   714 | D:1      | 714 ||| IDENTIFYING scroll labelled GOSTRU FENWO
   715 | D:1      | 715 ||| DROPPING scroll of butterflies.
   716 | D:1      | 716 ||| DROPPING scroll of fog.
   819 | D:2      | Found Meuforipn's Armour Emporium.
   825 | D:2      | 825 ||| SHOPLISTING +0 pair of boots of the Six Bounties
                  | {rN++ Will- Int+2} (264 gold, have 36).
   825 | D:2      | 825 ||| SHOPLISTING +0 ring mail (48 gold, have 36).
   825 | D:2      | 825 ||| SHOPLISTING +1 ring mail of fire resistance (192
                  | gold, have 36).
   825 | D:2      | 825 ||| SHOPLISTING +4 ring mail of fire resistance (372
                  | gold, have 36).
  1171 | D:2      | Noticed a scorpion
  1181 | D:2      | Killed a scorpion
  1182 | D:2      | Reached XP level 4. HP: 20/29 MP: 4/4
  1182 | D:2      | 1182 ||| FLEEEEING.
  1450 | D:2      | Found Juhe's Armour Shoppe.
  1453 | D:2      | 1453 ||| BUYING +0 pair of gloves (45 gold).
  1453 | D:2      | Bought a +0 pair of gloves for 45 gold pieces
  1453 | D:2      | 1453 ||| SHOPLISTING +2 ring mail of cold resistance (210
                  | gold, have 68).
  1453 | D:2      | 1453 ||| SHOPLISTING +3 leather armour of positive energy
                  | (210 gold, have 68).
  1633 | D:2      | 1633 ||| UPGRADING to +0 pair of boots.
  1638 | D:2      | 1638 ||| UPGRADING to +0 pair of gloves.
  1643 | D:2      | 1643 ||| UPGRADING to amulet of the acrobat.
  1648 | D:2      | 1648 ||| READING scroll of identify.
  1648 | D:2      | 1648 ||| IDENTIFYING white potion
  1649 | D:2      | 1649 ||| READING scroll labelled LOS QUDURGHU.
  1650 | D:2      | 1650 ||| READING scroll labelled HOZADEOMAOS.
  1650 | D:2      | Identified a scroll of acquirement
  1650 | D:2      | 1650 ||| ACQUIRING +2 pair of boots of flying
  1650 | D:2      | Acquired a +2 pair of boots of flying
  1652 | D:2      | 1652 ||| UPGRADING to +2 pair of boots of flying.
  1662 | D:2      | 1662 ||| DROPPING +0 pair of boots.
  1663 | D:2      | 1663 ||| READING scroll labelled RERCHU FIAD URYADGH.
  1680 | D:3      | Noticed Ijyb
  1683 | D:3      | 1683 ||| STAIRDANCE
  1685 | D:2      | 1685 ||| DRINKING potion of curing.
  1685 | D:2      | 1685 ||| (to cure confusion)
  2143 | D:3      | Killed Ijyb
  2144 | D:3      | Reached skill level 1 in Armour
  2144 | D:3      | Reached XP level 5. HP: 28/33 MP: 5/5
  2144 | D:3      | 2144 ||| STAIRDANCE
  2146 | D:2      | 2146 ||| FLEEEEING.
  2479 | D:3      | Noticed Natasha
  2489 | D:3      | Killed Natasha
  2649 | D:3      | 2649 ||| UPGRADING to +0 ring mail.
  2659 | D:3      | 2659 ||| DROPPING +0 leather armour.
  2660 | D:3      | 2660 ||| UPGRADING to amulet of reflection.
  2670 | D:3      | 2670 ||| DROPPING amulet of the acrobat.
  2671 | D:3      | 2671 ||| READING 2 scrolls of identify.
  2671 | D:3      | 2671 ||| IDENTIFYING orange potion
  2672 | D:3      | 2672 ||| READING scroll of identify.
  2672 | D:3      | 2672 ||| IDENTIFYING scroll labelled INUGHO APEXABB
  2673 | D:3      | 2673 ||| READING scroll labelled OLAPAI MAMUE.
  2674 | D:3      | 2674 ||| DROPPING scroll of blinking.
  2806 | D:4      | Reached XP level 6. HP: 38/38 MP: 6/6
  2906 | D:4      | Reached skill level 6 in Ranged Weapons
  2914 | D:4      | 2914 ||| FLEEEEING.
  2918 | D:4      | 2918 ||| STAIRDANCE
  2941 | D:3      | 2941 ||| UPGRADING to +0 helmet.
  2946 | D:3      | 2946 ||| READING scroll labelled UCKATONW WAPS.
  3011 | D:4      | 3011 ||| FLEEEEING.
  3166 | D:4      | Found a staircase to the Ecumenical Temple.
  3167 | D:4      | 3167 ||| PLANNING TEMPLE
  3167 | D:4      | 3167 ||| READING scroll of identify.
  3167 | D:4      | 3167 ||| IDENTIFYING fizzy orange potion
  3168 | D:4      | 3168 ||| DROPPING potion of berserk rage.
  3177 | Temple   | Entered the Ecumenical Temple
  3178 | Temple   | 3178 ||| PLANNING OKAWARU WORSHIP
  3195 | Temple   | Became a worshipper of Warmaster Okawaru
  3196 | Temple   | 3196 ||| PLANNING D:1-11
  3354 | D:4      | 3354 ||| READING scroll labelled BIMYXA ODOJIW.
  3355 | D:4      | 3355 ||| READING scroll labelled YHOANY RUSEN.
  3487 | D:5      | Entered Level 5 of the Dungeon
  3806 | D:5      | Noticed a yak
  3820 | D:5      | HP: 8/38 [yak (6)]
  3821 | D:5      | 3821 ||| READING 3 scrolls of teleportation.
  3822 | D:5      | Slain by a yak

Levels and vault maps discovered:
D:1:      dpeg_arrival_shelter, layout_basic,
          shapermc_ecumenical_altar_acropolis, serial_shops, shop
D:2:      layout_basic, serial_shops, nicolae_shop_real_fake_doors, shop,
          minmay_misc_feat_more_columns
D:3:      layout_rooms, uniq_natasha, uniq_ijyb
D:4:      layout_loops_ring, minmay_temple_entry_butterflies
D:5:      layout_basic, serial_corexii_hall, corexii_hall_statues_u,
          corexii_hall_statues_t, corexii_hall_statues_u,
          corexii_hall_statues_deadend, corexii_hall_statues_l,
          corexii_hall_statues_l, minmay_manual_maat
Temple:   minmay_temple_bridge_d

Skill      XL: |  1  2  3  4  5  6 |
---------------+-------------------+-----
Ranged Weapons | 5 6 |  6.9
Fighting       | 4 |  4.1
Armour         | 1 2 |  2.2
Dodging        | |  1.5
Stealth        | |  1.1

Action                     |  1- 3 |  4- 6 || total
---------------------------+-------+-------++-------
   Fire: Shortbow          |    95 |   199 ||   294
    Use: Scroll            |     3 |    12 ||    15
         Potion            |       |     1 ||     1
 Armour: Leather armour    |    22 |   122 ||   144
         Ring mail         |       |    24 ||    24
  Dodge: Dodged            |    15 |   327 ||   342
         Repelled          |       |     1 ||     1
  Block: Other             |       |     6 ||     6

Table legend:
 A = Non-vault XP
 B = Vault XP
 C = Vault XP percentage of total XP
 D = Non-vault monster count
 E = Vault monster count
 F = Vault count percentage of total count
                 A         B        C        D         E       F
            +---------+---------+-------+---------+---------+-------
      Total |     482 |     105 |  17.9 |      67 |       3 |   4.3
            +---------+---------+-------+---------+---------+-------
        D:1 |      42 |       0 |   0.0 |      26 |       0 |   0.0
        D:2 |      98 |       0 |   0.0 |       7 |       0 |   0.0
        D:3 |      59 |      69 |  53.9 |      20 |       2 |   9.1
        D:4 |     197 |       0 |   0.0 |      11 |       0 |   0.0
        D:5 |      86 |      36 |  29.5 |       3 |       1 |  25.0
            +---------+---------+-------+---------+---------+-------
